 Dungeon Crawl Stone Soup version 0.23.2-1-ga50397a (webtiles) character file.

Game seed: 9921368484854803

201 troglodite the Skirmisher (level 5, -1/63 HPs)
             Began as a Demonspawn Berserker on May 1, 2019.
             Was a Believer of Trog.
             Slain by a gnoll
             ... wielding a +0 whip
              (5 damage)
             ... on level 4 of the Dungeon.
             The game lasted 00:06:20 (2302 turns).

troglodite the Skirmisher (Demonspawn Berserker)    Turns: 2302, Time: 00:06:21

Health: -1/63      AC: 12    Str: 22    XL:     5   Next: 50%
Magic:  0/5        EV: 11    Int:  9    God:    Trog [**....]
Gold:   143        SH:  6    Dex: 13    Spells: 4/4 levels left

rFire    . . .     SeeInvis +   s - +4 flail
rCold    . . .     Gourm    .   (no shield)
rNeg     + . .     Faith    .   t - +3 scale mail
rPois    .         Spirit   +   b - +0 helmet
rElec    .         Reflect  +   (no cloak)
rCorr    .         Harm     .   (no gloves)
MR       .....                  m - +0 pair of boots
Stlth    ..........             g - +6 amulet of reflection
HPRegen  0.20/turn              k - ring of positive energy
MPRegen  0.09/turn              q - ring of see invisible

@: berserking (expiring), very quick
A: nightstalker 1, magic shield
a: Berserk, Trog's Hand, Renounce Religion


You were on level 4 of the Dungeon.
You worshipped Trog.
Trog was pleased with you.
You were hungry.

You visited 1 branch of the dungeon, and saw 4 of its levels.

You collected 143 gold pieces.

Inventory:

Hand Weapons
 a - a +0 falchion
 s - a +4 flail (weapon)
Armour
 b - a +0 helmet (worn)
 m - a +0 pair of boots (worn)
 t - a +3 scale mail (worn)
Jewellery
 g - a +6 amulet of reflection (around neck)
 k - a ring of positive energy (left hand)
 q - a ring of see invisible (right hand)
Scrolls
 d - 2 scrolls of remove curse {unknown}
 e - a scroll of random uselessness {unknown}
 h - 7 scrolls of identify {unknown}
 j - a scroll of enchant armour {unknown}
 l - 3 scrolls of teleportation {unknown}
Potions
 f - 2 potions of lignification {unknown}
 i - 3 potions of curing {unknown}
 n - a potion of haste {unknown}
 o - 2 potions of agility {unknown}
 p - a potion of magic {unknown}
Comestibles
 c - 9 rations
 r - 11 chunks of flesh


   Skills:
 * Level 4.0 Fighting
 + Level 3.8 Long Blades
 * Level 2.8 Armour
 * Level 2.7 Dodging
 + Level 1.1 Stealth


You had 4 spell levels left.
You didn't know any spells.
Your spell library was empty.

Dungeon Overview and Level Annotations

Branches:
Dungeon (4/15)
 Temple: D:4-7

Altars:

Annotations:
D:3 2 transporters, whitewolfNL's ghost, amateur TrBe


Innate Abilities, Weirdness & Mutations

You are slightly more attuned to the shadows.
When hurt, damage is shared between your health and your magic reserves.


Message History

* * * LOW HITPOINT WARNING * * *
The gnoll hits you from afar with a +0 spear.
* * * LOW HITPOINT WARNING * * *
The gnoll hits you but does no damage.
You closely miss the gnoll.
The gnoll is moderately wounded.
The gnoll hits you from afar with a +0 spear.
* * * LOW HITPOINT WARNING * * *
You block the gnoll's attack. The gnoll barely misses you.
You barely miss the gnoll.
The gnoll is moderately wounded.
The gnoll hits you but does no damage. The gnoll closely misses you.
The gnoll hits you but does no damage.
You barely miss the gnoll.
The gnoll is moderately wounded.
The gnoll closely misses you. The gnoll barely misses you.
You closely miss the gnoll.
The gnoll is moderately wounded.
The gnoll hits you with a +0 whip!
You die...

#.##.#..###
# #.......
#.##.#....
#.##.##.
##.......###
###.##....
#...........
....#####.
#.###..##.#
#..#####.
#.# #..##.#
#........
##.# #.....#
#.....###
#..# ##.##.#
#.###[# #.##
#.##@#
#.###.# #.#
#...)g..# #
..#)# #.#
##.gg..##
#.#.#)#
#.####
#.....#
#.#.#.#
#....#
#.....#
#....[#
####.#
#.....#
###.### #.#
#.....#
##.#.## #.#
##...#.##
#.#
#....##.#


You could see 3 gnolls.

Vanquished Creatures
  A hound (D:4)
  An orc priest (D:4)
  An orc wizard (D:4)
  A worker ant (D:3)
  A gnoll (D:4)
  3 adders
  An ooze (D:4)
  A worm (D:4)
  A leopard gecko (D:1)
  8 orcs (D:4)
  A ball python (D:1)
  3 giant cockroaches
  3 goblins
  6 hobgoblins
  5 bats
  3 frilled lizards
  3 kobolds
  5 rats
48 creatures vanquished.

Notes
Turn   | Place    | Note
-------+----------+-------------------------------------------
     0 | D:1      | troglodite the Demonspawn Berserker began the quest for the
                  | Orb.
     0 | D:1      | Reached XP level 1. HP: 18/18 MP: 1/1
   283 | D:1      | Gained mutation: When hurt, damage is shared between your
                  | health and your magic reserves. [demonic ancestry]
   283 | D:1      | Reached XP level 2. HP: 23/24 MP: 2/2
   763 | D:2      | Gained mutation: You are slightly more attuned to the
                  | shadows. [demonic ancestry]
   763 | D:2      | Reached XP level 3. HP: 24/29 MP: 3/3
  1381 | D:3      | Found a transporter.
  1387 | D:3      | Noticed whitewolfNL's ghost (amateur TrBe)
  1406 | D:3      | Found a transporter.
  1504 | D:3      | Reached ** piety under Trog
  1939 | D:4      | Reached XP level 4. HP: 36/37 MP: 4/4
  2037 | D:4      | Reached skill level 1 in Stealth
  2037 | D:4      | Reached XP level 5. HP: 35/42 MP: 2/5
  2196 | D:4      | Reached skill level 4 in Fighting
  2302 | D:4      | Slain by a gnoll

Skill      XL: |  1  2  3  4  5 |
---------------+----------------+-----
Dodging        | 2 |  2.7
Long Blades    | 3 |  3.8
Armour         | 2 |  2.8
Stealth        | 1 |  1.1
Fighting       | 4 |  4.0

Action                   |  1- 3 |  4- 6 || total
-------------------------+-------+-------++-------
Melee: Falchion          |    83 |    71 ||   154
       Flail             |       |    13 ||    13
Invok: Berserk           |       |     3 ||     3
 Stab: Sleeping          |     3 |     2 ||     5
  Eat: Chunk             |     2 |     1 ||     3
       Ration            |     1 |       ||     1
Armor: Ring mail         |    44 |    19 ||    63
       Scale mail        |       |     7 ||     7
Dodge: Dodged            |    44 |    53 ||    97
Block: Other             |     5 |    22 ||    27
       Reflection        |       |     1 ||     1
       Rpst.: Falchion   |    13 |     6 ||    19
